 Dungeon Crawl Stone Soup version 0.24-a0-29-g43a6aff (webtiles) character file.

Game seed: 13504069068309096978

285 Gorice the Firebug (level 6, -1/41 HPs)
             Began as a Barachi Fire Elementalist on Feb 1, 2019.
             Killed from afar by Natasha (4 damage)
             ... with a magic dart
             ... on level 3 of the Dungeon on Feb 2, 2019.
             The game lasted 00:18:02 (3936 turns).

Gorice the Firebug (Barachi Fire Elementalist)      Turns: 3936, Time: 00:18:02

Health: -1/41      AC:  4    Str:  9    XL:     6   Next: 29%
Magic:  0/9        EV: 12    Int: 17    God:
Gold:   113        SH:  0    Dex: 13    Spells: 4/10 levels left

rFire    . . .     SeeInvis .   a - +3 whip (drain)
rCold    + . .     Gourm    .   (no shield)
rNeg     . . .     Faith    .   g - +0 robe
rPois    .         Spirit   +   (no helmet)
rElec    .         Reflect  .   l - +0 cloak
rCorr    .         Harm     .   r - +0 pair of gloves
MR       .....                  (no boots)
Stlth    ++........             q - amulet of guardian spirit
HPRegen  0.13/turn              c - ring of protection from cold
MPRegen  0.11/turn              (no ring)

@: very slightly contaminated, lightly drained, invisible, slow
A: +LOS, swims, slowness 1, strong legs 1
a: Hop


You were on level 3 of the Dungeon.
You were not hungry.

You visited 1 branch of the dungeon, and saw 3 of its levels.

You collected 113 gold pieces.

Inventory:

Hand Weapons
 a - a +3 whip of draining (weapon)
   (You found it on level 1 of the Dungeon)
 o - a +4 quarterstaff of chaos
   (You took it off Crazy Yiuf on level 2 of the Dungeon)
Missiles
 n - 7 curare-tipped needles
 Y - 102 stones (quivered)
Armour
 b - a +0 ring mail
 g - a +0 robe (worn)
 l - a +0 cloak (worn)
 r - a +0 pair of gloves (worn)
Jewellery
 c - a ring of protection from cold (left hand)
 i - a +2 amulet of reflection
 q - an amulet of guardian spirit (around neck)
Scrolls
 e - 3 scrolls of enchant weapon
Potions
 f - a potion of heal wounds {!q}
 j - 3 potions of brilliance {!q}
 m - a potion of flight {unknown}
 p - a potion of invisibility {!q}
Comestibles
 d - 3 chunks of flesh
 h - 9 rations


   Skills:
 - Level 2.1(1.6) Dodging
 - Level 1.7(1.2) Stealth
 + Level 2.5(1.9) Spellcasting
 * Level 5.1(4.6) Conjurations
 * Level 5.2(4.6) Fire Magic


You had 4 spell levels left.
You knew the following spells:

 Your Spells              Type           Power        Failure   Level  Hunger
a - Flame Tongue          Conj/Fire      ###..        3%          1    #......
b - Throw Flame           Conj/Fire      ###...       4%          2    ###....
c - Conjure Flame         Conj/Fire      ###.....     9%          3    ###....

Your spell library contained the following spells:

 Spells                   Type           Power        Failure   Level  Hunger
 Inner Flame              Hex/Fire       #.......     22%         3    ###....
 Sticky Flame             Conj/Fire      ###.....     28%         4    #####..
 Fireball                 Conj/Fire      ###.......   63%         5    ######.


Dungeon Overview and Level Annotations

Branches:
Dungeon (3/15)

Altars:

Annotations:
D:2 Terence
D:3 Natasha


Innate Abilities, Weirdness & Mutations

Shadows flee at your approach. (+LOS)
You can swim through water.
You cover ground slowly.
You can hop short distances.


Message History

Confirm with . or Enter, or press ? or * to list all spells.
Aiming: Throw Flame (safe; 4% risk of failure)
Press: ? - help, Shift-Dir - straight line, f - centaur
Aim: a centaur, wielding a +4 shortbow The puff of flame hits the centaur.
The centaur is lightly wounded.
The centaur shoots an arrow.
The arrow hits you!
Natasha, Servant of Life and Death comes into view.
You see here an arrow.
Damage: 10 (max 10)
Casting: Throw Flame (safe; 4% risk of failure)
Confirm with . or Enter, or press ? or * to list all spells.
Aiming: Throw Flame (safe; 4% risk of failure)
Press: ? - help, Shift-Dir - straight line, f/p - centaur
Aim: a centaur, wielding a +4 shortbow (lightly wounded)
The puff of flame hits the centaur!
The centaur is moderately wounded.
The centaur shoots an arrow.
The arrow hits you!
* * * LOW HITPOINT WARNING * * *
The centaur shoots an arrow.
The arrow misses you.
Damage: 7 (max 10)
Casting: Throw Flame (safe; 4% risk of failure)
Confirm with . or Enter, or press ? or * to list all spells.
You don't have enough magic to cast that spell.
The centaur shoots an arrow.
The arrow hits you!
* * * LOW HITPOINT WARNING * * *
Damage: 8 (max 10) Unknown command.
Really quaff
f - 2 potions of heal wounds {!q}?
You feel much better.
The centaur shoots an arrow.
The arrow hits you!!
* * * LOW HITPOINT WARNING * * *
Unknown command.
As you read the scroll labeled SAYSKOOXTY, it crumbles to dust.
It is a scroll of identify.
j - 3 potions of brilliance The centaur shoots an arrow.
The arrow hits you.
* * * LOW HITPOINT WARNING * * *
Damage: 6 (max 10) Unknown command.
Natasha mumbles some strange words.
The centaur shoots an arrow.
The arrow closely misses you.
It was a potion of invisibility.
You fade into invisibility!
You are very lightly contaminated with residual magic.
You see here 2 arrows.
Natasha mumbles some strange words.
The crimson imp shouts!
Natasha stares at you and mumbles some strange words.
The magic dart hits you.
You die...

....##### #.##
#.<........... ....#
#5c# #......†......
.†..# ##(#
#............. ....#
#5# #............(
....# #(#
##............
....######### #h#
##...........
....##......# #.#
##########..
.#####.>....###.######
#..
....##......##..@....#
#..
....##......##.......#
###
..........o..........#
######......##.......#
#......##########
#......# ########


You could see a centaur (wandering), Natasha, a crimson imp (wandering) and a
white imp.

Vanquished Creatures
  Crazy Yiuf (D:2)
  An orc priest (D:3)
  2 orc wizards
  Natasha (D:3)
  5 adders
  4 oozes
  A worm (D:3)
  4 dart slugs
  2 leopard geckos
  5 orcs
  5 bats
  2 giant cockroaches
  5 goblins
  7 hobgoblins
  4 quokkas
  5 frilled lizards
  16 kobolds
  7 rats
77 creatures vanquished.

Notes
Turn   | Place    | Note
-------+----------+-------------------------------------------
     0 | D:1      | Gorice the Barachi Fire Elementalist began the quest for
                  | the Orb.
     0 | D:1      | Reached XP level 1. HP: 13/13 MP: 3/3
    88 | D:1      | Reached skill level 2 in Conjurations
   140 | D:1      | Reached XP level 2. HP: 15/19 MP: 0/5
   389 | D:1      | Reached skill level 3 in Conjurations
   524 | D:1      | Reached XP level 3. HP: 20/24 MP: 3/6
  1099 | D:1      | Upgraded the game from 0.24-a0-22-g2a401c0 to
                  | 0.24-a0-29-g43a6aff
  1132 | D:2      | Reached XP level 4. HP: 28/30 MP: 4/7
  1198 | D:2      | Learned a level 2 spell: Throw Flame
  1202 | D:2      | Learned a level 3 spell: Conjure Flame
  1465 | D:2      | Reached skill level 4 in Fire Magic
  1473 | D:2      | HP: 9/30 [poisoned by an adder]
  1479 | D:2      | HP: 7/30 [poisoned by an adder]
  1486 | D:2      | HP: 5/30 [poisoned by an adder]
  1494 | D:2      | HP: 4/30 [poisoned by an adder]
  1835 | D:2      | Reached skill level 4 in Conjurations
  1991 | D:2      | Found a runed translucent door.
  1992 | D:2      | Noticed Crazy Yiuf
  2020 | D:2      | Killed Crazy Yiuf
  2020 | D:2      | Reached XP level 5. HP: 20/35 MP: 3/8
  2304 | D:3      | Noticed Terence
  2506 | D:3      | HP: 8/35 [orc wizard/magic dart (8)]
  2515 | D:3      | HP: 7/35 [orc wizard/puff of frost (2)]
  2525 | D:2      | HP: 7/35 [orc/+0 club (1)]
  2824 | D:2      | HP: 10/35 [orc wizard/+0 dagger (1)]
  2825 | D:2      | HP: 2/35 [orc wizard/magic dart (8)]
  3134 | D:3      | HP: 8/35 [Terence/+0 mace of draining (3)]
  3139 | D:2      | HP: 5/35 [orc/+0 dagger (3)]
  3639 | D:3      | Reached skill level 5 in Fire Magic
  3708 | D:3      | Reached XP level 6. HP: 36/41 MP: 4/9
  3748 | D:3      | Noticed Natasha
  3760 | D:3      | Killed Natasha
  3760 | D:3      | Reached skill level 5 in Conjurations
  3925 | D:3      | Noticed Natasha
  3926 | D:3      | HP: 10/41 [centaur/arrow (7)]
  3927 | D:3      | HP: 2/41 [centaur/arrow (9)]
  3936 | D:3      | Killed from afar by Natasha

Vault maps used:
D:1:      dpeg_arrival_houses_and_road
D:2:      first_ration, corexii_shack, uniq_crazy_yiuf_cottage
D:3:      uniq_natasha, uniq_terence

Skill      XL: |  1  2  3  4  5  6 |
---------------+-------------------+-----
Conjurations   | 2 3 4 5 |  5.1
Fire Magic     | 4 5 |  5.2
Dodging        | |  2.1
Stealth        | |  1.7
Spellcasting   | |  2.5

Action                   |  1- 3 |  4- 6 || total
-------------------------+-------+-------++-------
Melee: Whip              |    10 |   116 ||   126
 Cast: Flame Tongue      |    48 |    26 ||    74
       Throw Flame       |       |     6 ||     6
       Conjure Flame     |       |     1 ||     1
  Use: Scroll            |     4 |     2 ||     6
       Potion            |       |     3 ||     3
 Stab: Sleeping          |       |     4 ||     4
  Eat: Chunk             |     2 |    10 ||    12
Armor: Robe              |    12 |    37 ||    49
Dodge: Dodged            |    33 |    84 ||   117

Table legend:
 A = Non-vault XP
 B = Vault XP
 C = Vault XP percentage of total XP
 D = Non-vault monster count
 E = Vault monster count
 F = Vault count percentage of total count
                 A         B        C        D         E       F
            +---------+---------+-------+---------+---------+-------
      Total |     329 |      79 |  19.4 |      74 |       3 |   3.9
            +---------+---------+-------+---------+---------+-------
        D:1 |      59 |       0 |   0.0 |      29 |       0 |   0.0
        D:2 |     118 |      44 |  27.2 |      21 |       2 |   8.7
        D:3 |     152 |      35 |  18.7 |      24 |       1 |   4.0
            +---------+---------+-------+---------+---------+-------

Table legend:
 A = Turns spent in this place as a percentage of turns spent in the entire game.
 B = Non-inter-level travel turns spent in this place as a percentage of non-inter-level travel turns spent in the entire game.
 C = Inter-level travel turns spent in this place as a percentage of turns spent in this place.
 D = Turns resting spent in this place as a percentage of non-inter-level travel turns spent in this place.
 E = Turns spent auto-exploring this place as a percentage of non-inter-level travel turns spent in this place.
 F = Non-inter-level travel turns spent in this place divided by the number of levels of this place that you've seen.
                   A       B       C       D       E      F
               +-------+-------+-------+-------+-------+----------------------
         Total | 100.0 | 100.0 |   4.5 |  43.3 |  26.6 | 1252.7
       Dungeon | 100.0 | 100.0 |   4.5 |  43.3 |  26.6 | 1252.7
               +-------+-------+-------+-------+-------+----------------------

Vault maps used:
D:1:      dpeg_arrival_houses_and_road
D:2:      first_ration, corexii_shack, uniq_crazy_yiuf_cottage
D:3:      uniq_natasha, uniq_terence
